 Dungeon Crawl Stone Soup version 0.30.1-11-g7821555f0a (webtiles) character file.

Game seed: 9518193167836887013

9145 michalxdhe the Fighter (level 11, 0/118 HPs)
             Began as a Troll Berserker on Dec 15, 2023.
             Was an Elder of Trog.
             Slain by a wyvern (11 damage)
             ... on level 10 of the Dungeon.
             The game lasted 00:22:57 (7116 turns).

michalxdhe the Fighter (Troll Berserker)            Turns: 7116, Time: 00:22:58

Health: 0/118      AC:  8    Str: 37    XL:     11   Next: 19%
Magic:  10/10      EV: 13    Int:  3    God:    Trog [****..]
Gold:   397        SH:  5    Dex: 15    Spells: 10/10 levels left

rFire   . .          .
                       - Unarmed
rCold   . . .        (no shield)
rNeg    . . .        F - +2 robe
rPois   .            (helmet restricted)
rElec   .            E - +0 cloak
rCorr   .            (gloves unavailable)
SInv    .            (boots unavailable)
Will    ++...        u - amulet of reflection
Stlth   +            j - +6 ring of strength
HPRegen 2.19/turn    H - +6 ring of dexterity
MPRegen 0.12/turn

%: reflection
@: strong-willed, on berserk cooldown, regenerating, slowed, very slow
A: large, unfitting armour, claws 3, regeneration 1, shaggy fur 1, tough skin 1
a: Renounce Religion, Berserk, Trog's Hand, Brothers in Arms


You were on level 10 of the Dungeon.
You worshipped Trog.
Trog was greatly pleased with you.
You visited 1 branch of the dungeon, and saw 9 of its levels.
You also visited: Sewer.

You collected 397 gold pieces.

Inventory:

Hand Weapons
 k - a +1 morningstar of flaming
Armour
 a - a +0 animal skin
 E - a +0 cloak (worn)
 F - a +2 robe (worn)
Jewellery
 j - a +6 ring of strength (left claw)
 u - an amulet of reflection (around neck)
 v - the ring of Generosity {Fire rElec rN+ Str-5 Int+2}
   (You found it on level 5 of the Dungeon)

   [ring of fire]

   It enhances your fire magic.
   Str:       It affects your strength (-5).
   Int:       It affects your intelligence (+2).
   rF:        It protects you from fire.
   rC:        It makes you vulnerable to cold.
   rElec:     It insulates you from electricity.
   rN:        It protects you from negative energy.
 H - a +6 ring of dexterity (right claw)
Wands
 s - a wand of digging (5)
 w - a wand of flame (5)
 A - a wand of acid (8)
 G - a wand of iceblast (18)
Scrolls
 b - a scroll of torment
 c - 3 scrolls of magic mapping
 g - 4 scrolls of teleportation
 i - 4 scrolls of immolation
 n - 2 scrolls of fog
 o - 3 scrolls of enchant weapon
 q - 2 scrolls of enchant armour {unknown}
 y - 4 scrolls of poison
Potions
 d - 2 potions of attraction
 e - a potion of magic {unknown}
 f - 2 potions of curing
 h - a potion of cancellation {unknown}
 l - 4 potions of brilliance
 m - 2 potions of lignification {unknown}
 p - 2 potions of flight
 r - 2 potions of might {unknown}
 t - a potion of degeneration {unknown}
 z - 3 potions of haste {unknown}
 B - 4 potions of mutation {unknown}
 C - a potion of berserk rage {unknown}


   Skills:
 * Level 10.2 Fighting
 - Level 8.0 Armour
 - Level 8.0 Dodging
 - Level 3.2 Unarmed Combat


You had 10 spell levels left.
You didn't know any spells.
Your spell library was empty.

Dungeon Overview and Level Annotations

Branches:
Dungeon (8/15)             Temple (0/1) D:6             Orc (0/2) D:10
  Sewer (visited)
   Lair: D:8-11

Altars:
Dithmenos
Nemelex Xobeh
Sif Muna

Shops:
D:8 *


Innate Abilities, Weirdness & Mutations

You are too large for most types of armour.
You have claws for hands.
Your natural rate of healing is unusually fast.
You are covered in fur. (AC +1)
You have tough skin. (AC +1)


Message History

The centaur shoots an arrow.
You block the arrow with an invisible shield... and reflect it back!
The arrow hits the centaur!
The centaur shoots an arrow.
The arrow closely misses you.
You feel much better.
The centaur unwields a +0 shortbow.
You block the centaur's attack.
The centaur kicks you but does no damage.
The centaur closely misses you.
The centaur kicks you but does no damage.
Attack: -) Claws
Press: ? - help, Dir - move target, f - centaur
Aim: a centaur (severely wounded, about 24% to evade your claws)
You mangle the centaur!!
You kill the centaur!
Trog accepts your kill. The wyvern closely misses you.
Your skin crawls.
You feel strong-willed. The wyvern bites you!
* * * LOW HITPOINT WARNING * * *
The wyvern bites you!
* * * LOW HITPOINT WARNING * * *
Attack: -) Claws
Press: ? - help, Dir - move target, f - wyvern
Aim: a wyvern (about 33% to evade your claws)
You scratch the wyvern.
The wyvern is lightly wounded.
You block the wyvern's attack. The wyvern bites you!
* * * LOW HITPOINT WARNING * * *
The wyvern attacks as you move away! The wyvern barely misses you.
The wyvern bites you but does no damage.
The wyvern barely misses you.
The wyvern bites you but does no damage.
The wyvern barely misses you. The wyvern bites you.
* * * LOW HITPOINT WARNING * * *
The wyvern attacks as you move away! The wyvern bites you!
* * * LOW HITPOINT WARNING * * *
The wyvern bites you!
You die...

####### #.o.O.#
#)###.# #.# #l#
#o#
#@#############
#c#
#.............#
#o#
#############.#
#.# ..... .#
#.####### ....
.. #...)c).#...
...
#######)##.##.##
.>.(
......#O........
.o..#
...o..oS........
.o.8#


You could see a two-headed ogre and a wyvern.

Vanquished Creatures
  A centaur warrior (D:8)
  A boulder beetle (D:8)
  The ghost of mora the Fighter, a novice GnWn of Gozag (D:7)
  Pikel (D:6)
  A gargoyle (D:8)
  2 wraiths (D:7)
  6 yaks
  3 wyverns
  A steam dragon (D:8)
  2 acid dragons
  A water moccasin (D:7)
  2 orc warriors
  3 black bears
  6 ice beasts
  3 sky beasts
  A wolf (D:10)
  4 centaurs
  2 phantoms (D:6)
  4 kobold brigands
  3 bullfrogs
  7 scorpions
  2 gnoll sergeants (D:8)
  A wight (D:8)
  9 killer bees
  A howler monkey (D:10)
  2 hounds
  5 quasits (D:7)
  4 jellies
  2 gnoll boudas
  7 orc priests
  4 sleepcaps
  Jessica (D:2)
  10 orc wizards
  A hell rat (Sewer)
  3 iguanas
  Terence (D:2)
  11 gnolls
  4 adders
  5 river rats
  A shadow imp (D:7)
  A white imp (D:7)
  An ufetubus (D:5)
  A worm (D:5)
  A dart slug (D:3)
  19 orcs
  9 ball pythons
  2 endoplasms
  3 giant cockroaches
  4 goblins
  5 hobgoblins (D:3)
  4 jackals (D:1)
  8 kobolds
  2 quokkas (D:3)
  3 bats
  2 frilled lizards
  11 rats
205 creatures vanquished.

Vanquished Creatures (others)
  An orc wizard (D:10)
1 creature vanquished.

Grand Total: 206 creatures vanquished

Notes
Turn   | Place    | Note
-------+----------+-------------------------------------------
     0 | D:1      | michalxdhe the Troll Berserker began the quest for the Orb.
     0 | D:1      | Reached XP level 1. HP: 22/22 MP: 0/0
   203 | D:1      | Reached XP level 2. HP: 29/29 MP: 1/1
   523 | D:1      | Found a faded altar of an unknown god.
   653 | D:2      | Reached skill level 3 in Fighting
   975 | D:2      | Noticed Terence
   987 | D:2      | Killed Terence
   988 | D:2      | Reached XP level 3. HP: 19/37 MP: 2/2
  1242 | D:2      | Noticed Jessica
  1249 | D:2      | Killed Jessica
  1250 | D:2      | Reached XP level 4. HP: 37/48 MP: 3/3
  1611 | D:3      | Reached skill level 4 in Fighting
  1760 | D:3      | Reached ** piety under Trog
  1778 | D:3      | Reached XP level 5. HP: 55/55 MP: 4/4
  2542 | D:4      | Noticed a black bear
  2550 | D:4      | Killed a black bear
  2551 | D:4      | Reached skill level 5 in Fighting
  2551 | D:4      | Reached XP level 6. HP: 66/66 MP: 5/5
  2999 | D:5      | Entered Level 5 of the Dungeon
  3024 | D:5      | Reached skill level 6 in Fighting
  3055 | D:5      | Found a glowing drain.
  3102 | D:5      | Reached XP level 7. HP: 76/76 MP: 6/6
  3102 | D:5      | Identified the ring of Generosity {Fire rElec rN+ Str-5
                  | Int+2}
  3117 | Sewer    | Entered a sewer
  3462 | D:5      | Reached skill level 7 in Fighting
  3611 | D:5      | Found a shimmering blue altar of Sif Muna.
  3620 | D:5      | Found a sparkling altar of Nemelex Xobeh.
  3834 | D:6      | Noticed Pikel
  3851 | D:6      | Killed Pikel
  3852 | D:6      | Reached skill level 8 in Fighting
  3852 | D:6      | Reached XP level 8. HP: 88/88 MP: 7/7
  3860 | D:6      | Found a shadowy altar of Dithmenos.
  3889 | D:6      | Found a staircase to the Ecumenical Temple.
  4183 | D:6      | Reached skill level 5 in Armour
  4436 | D:6      | Reached XP level 9. HP: 75/96 MP: 8/8
  4437 | D:6      | Reached *** piety under Trog
  5007 | D:7      | Found a transporter.
  5012 | D:7      | Noticed mora's ghost (novice GnWn)
  5027 | D:7      | Found a transporter.
  5450 | D:7      | Reached skill level 5 in Dodging
  5652 | D:7      | Reached XP level 10. HP: 84/104 MP: 9/9
  6005 | D:7      | Killed mora's ghost
  6471 | D:8      | Noticed a centaur warrior
  6471 | D:8      | Noticed a gargoyle
  6471 | D:8      | Noticed a boulder beetle
  6566 | D:8      | Killed a gargoyle
  6626 | D:8      | Killed a boulder beetle
  6635 | D:8      | Killed a centaur warrior
  6636 | D:8      | Reached skill level 9 in Fighting
  6653 | D:8      | Reached **** piety under Trog
  6758 | D:8      | Identified the +2 robe "Dinoqylu" {+Blink rElec rN+++
                  | Dex-4}
  6884 | D:8      | Found Ciujaiq's Neck Hole.
  6918 | D:8      | You fall into a shaft and drop 2 floors!
  6918 | D:10     | Entered Level 10 of the Dungeon
  6938 | D:10     | Found a staircase to the Orcish Mines.
  7016 | D:10     | Reached XP level 11. HP: 101/115 MP: 10/10
  7047 | D:10     | Noticed a two-headed ogre
  7066 | D:10     | Reached skill level 10 in Fighting
  7116 | D:10     | Slain by a wyvern

Illustrated notes

Levels and vault maps discovered:
D:1:      tarquinn_simple_flora_water_b, layout_basic,
          hellmonk_ecumenical_altar_pennies_from_heaven
D:2:      layout_basic, uniq_terence, uniq_jessica
D:3:      layout_basic
D:4:      layout_basic
D:5:      layout_basic, mainiacjoe_overflow_swirl, portal_sewer_entry_b,
          st_stairs_12
D:6:      layout_basic, mainiacjoe_overflow_cross_hatched, temple_pool_b,
          chequers_serial_rivers_small_b, chequers_serial_rivers_micro_c,
          uniq_pikel
D:7:      nzn_winding_woodlands_small [nzn_winding_woodlands_5x15_twine,
          nzn_winding_woodlands_center_garden,
          nzn_winding_woodlands_5x15_zeroes], layout_basic,
          gammafunk_ghost_stat_death, grunt_ministairs_9
D:8:      minmay_bloctagon, layout_basic, nicolae_shop_sticking_my_neck_out
D:10:     layout_basic, minmay_lair_entry_grove, minmay_orc_entry_temple_small,
          serial_shops, shop

Skill      XL: |  1  2  3  4  5  6  7  8  9 10 11 |
---------------+----------------------------------+-----
Fighting       | 3 4 5 6 8 9 10 | 10.2
Armour         | 3 6 8 |  8.0
Dodging        | 5 8 |  8.0
Unarmed Combat | |  3.2

Action                     |  1- 3 |  4- 6 |  7- 9 | 10-12 || total
---------------------------+-------+-------+-------+-------++-------
  Melee: Unarmed           |    56 |   138 |   283 |   307 ||   784
         Punch             |       |     2 |     5 |     4 ||    11
 Invoke: Berserk           |       |     2 |     5 |     6 ||    13
         Trog's Hand       |       |       |     3 |     3 ||     6
    Use: Scroll            |     4 |     1 |     7 |     2 ||    14
         Potion            |       |       |     5 |     7 ||    12
   Stab: Distracted        |       |       |     1 |       ||     1
 Armour: Animal skin       |    11 |    25 |    24 |       ||    60
         Robe              |       |       |    65 |   190 ||   255
  Dodge: Dodged            |    22 |    64 |   131 |   237 ||   454
  Block: Other             |       |       |    62 |    99 ||   161
         Reflection        |       |       |     2 |     1 ||     3
